 Dungeon Crawl Stone Soup version 0.30-a0-1114-gd936c97349 (webtiles) character file.

Game seed: 14956355644132234097

17696 Lavandula the Cruncher (level 12, -9/91 HPs)
             Began as a Human Gladiator on Apr 21, 2023.
             Was an Initiate of Gozag.
             Killed from afar by an ice dragon (41 damage)
             ... with a blast of cold
             ... in an ice cave.
             The game lasted 00:37:10 (12946 turns).

Lavandula the Cruncher (Human Gladiator)           Turns: 12946, Time: 00:37:14

Health: -9/91      AC: 13    Str: 20    XL:     12   Next: 85%
Magic:  0/12       EV: 14    Int:  9    God:    Gozag
Gold:   1024       SH:  0    Dex: 23    Spells: 11/11 levels left

rFire   + . .      SeeInvis .    a - +4 quarterstaff
rCold   . . .      Faith    .    (shield currently unavailable)
rNeg    . . .      Spirit   +    F - +3 leather armour
rPois   .          Reflect  .    c - +2 helmet
rElec   .          Rampage  .    (no cloak)
rCorr   .                        Q - +1 pair of gloves {Dex+3}
Will    .....                    (no boots)
Stlth   ++                       g - amulet of guardian spirit
HPRegen 0.35/turn                u - ring of protection from fire
MPRegen 0.13/turn                N - +6 ring of dexterity

@: gold aura
A: no striking features
a: Renounce Religion, Potion Petition, Call Merchant, Bribe Branch


You were in an ice cave.
You worshipped Gozag.
Gozag was most pleased with you.
You visited 2 branches of the dungeon, and saw 13 of its levels.
You also visited: Sewer and Ice Cave.

You collected 2438 gold pieces.
You spent 744 gold pieces at shops.
You paid 670 gold pieces to Gozag.

Inventory:

Hand Weapons
 a - a +4 quarterstaff (weapon)
 q - a +0 sling
Missiles
 d - 5 throwing nets
 e - a javelin
 k - 54 poisoned darts (quivered)
 n - 127 stones
Armour
 c - a +2 helmet (worn)
 h - a +2 robe of willpower
 F - a +3 leather armour (worn)
 Q - a +1 pair of gloves of dexterity (worn)
Magical Staves
 y - a staff of poison
Jewellery
 g - an amulet of guardian spirit (around neck)
 j - an amulet of magic regeneration
 r - a ring of positive energy
 u - a ring of protection from fire (left hand)
 E - a ring of wizardry
 N - a +6 ring of dexterity (right hand)
Wands
 f - a wand of flame (11)
 z - a wand of iceblast (4)
 J - a wand of mindburst (2)
 L - a wand of polymorph (12)
Scrolls
 b - a scroll of torment
 i - a scroll of immolation {unknown}
 p - 2 scrolls of amnesia
 s - 8 scrolls of teleportation
 x - 2 scrolls of fear {unknown}
 B - 5 scrolls of poison
 D - 3 scrolls of fog
 H - 2 scrolls of magic mapping
 K - 2 scrolls of blinking {unknown}
Potions
 m - 2 potions of resistance {unknown}
 o - 5 potions of curing
 v - a potion of cancellation {unknown}
 w - 3 potions of magic
 A - 3 potions of flight {unknown}
 C - a potion of haste {unknown}
 G - 2 potions of might {unknown}
 I - 5 potions of mutation
 O - a potion of berserk rage {unknown}
 P - a potion of brilliance {unknown}
 R - a potion of attraction {unknown}
Miscellaneous
 t - a phial of floods
 S - a lightning rod (1/4)


   Skills:
 - Level 7.5 Fighting
 - Level 14.0 Staves
 - Level 5.8 Ranged Weapons
 - Level 2.0 Throwing
 - Level 9.8 Armour
 + Level 3.9 Dodging
 - Level 5.7 Evocations


You had 11 spell levels left.
You didn't know any spells.
Your spell library contained the following spells:

 Spells                   Type           Power      Damage    Failure   Level
 Beastly Appendage        Tmut           0%         N/A       41%         1
 Summon Small Mammal      Summ           0%         N/A       41%         1
 Cigotuvi's Dreadful Rot  Necr/Pois/Air  0%         N/A       56%         2
 Lesser Beckoning         Tloc           0%         N/A       56%         2
 Wereblood                Tmut           0%         N/A       56%         2
 Call Canine Familiar     Summ           0%         N/A       80%         3
 Gell's Gravitas          Tloc           0%         N/A       80%         3
 Ignite Poison            Fire/Tmut/Pois 0%         N/A       80%         3
 Spider Form              Tmut/Pois      0%         N/A       80%         3
 Summon Guardian Golem    Hex/Summ       0%         N/A       80%         3
 Teleport Other           Tloc           0%         N/A       80%         3
 Tukima's Dance           Hex            0%         N/A       80%         3
 Passage of Golubria      Tloc           0%         N/A       99%         4
 Sticky Flame             Conj/Fire      0%         2d3       99%         4
 Freezing Cloud           Conj/Ice/Air   0%         6-21      100%        5
 Yara's Violent Unravell  Hex/Tmut       0%         3d3       100%        5
 Ignition                 Fire           0%         3d3       100%        8


Dungeon Overview and Level Annotations

Branches:
Dungeon (12/15)            Temple (1/1) D:5            Lair (0/5) D:10
    Orc (0/2) D:9           Sewer (visited)           IceCv (1/1)

Altars:
Cheibriados
Dithmenos
Elyvilon
Fedhas
Gozag
Kikubaaqudgha
Makhleb
Okawaru
Qazlal
Ru
Sif Muna
Trog
Uskayaw
Vehumet
Wu Jian
Xom
Yredelemnul
Zin
The Shining One

Shops:
D:8 *(*[**   D:9 [([

Annotations:
D:4 Dowan
D:6 Pikel


Message History

Unknown command.
You hit the ice dragon but do no damage.
The ice dragon is heavily wounded.
The ice dragon barely misses you. The ice dragon misses you.
The ice dragon tramples you!
You hold your ground!
Unknown command.
You thump the ice dragon!
The ice dragon is severely wounded.
Unknown command.
You hit the ice dragon but do no damage.
The ice dragon is severely wounded.
The ice dragon bites you but does no damage.
The ice dragon claws you. The ice dragon closely misses you.
Unknown command.
You hit the ice dragon but do no damage.
The ice dragon is severely wounded.
The ice dragon bites you but does no damage.
The ice dragon claws you. The ice dragon tramples you.
You stumble backwards!
Unknown command.
You hit the ice dragon but do no damage.
The ice dragon is severely wounded.
You hit the ice dragon but do no damage.
The ice dragon is severely wounded.
The ice dragon completely misses you. The ice dragon barely misses you.
The ice dragon tramples you!
* * * LOW HITPOINT WARNING * * *
You hold your ground!
You hit the ice dragon but do no damage.
The ice dragon is severely wounded.
Unknown command.
You feel better.
The ice dragon is distracted by your dazzling golden aura.
The ice dragon roars deafeningly!
You bludgeon the ice dragon!!
The ice dragon is no longer distracted by gold.
The ice dragon is almost dead.
The ice dragon breathes frost at you. The blast of cold hits you!!!
You die...
Your body crumbles into a pile of gold.

########
#$$..D@####
#.....#......##
..... ##.##...#
.... $
###$.##### $=
... $ $
#.##...# #
$$$..$
$$$$$#....#.##
#..# #$$$$ $
##.###..##
#.#≈### ###
##..####
#≈≈≈≈≈##
##....####


You could see an ice dragon (catching breath).

Vanquished Creatures
  Gastronok (D:8)
  5 two-headed ogres
  2 ice statues (IceCv)
  2 kobold demonologists (D:11)
  6 rime drakes
  3 unseen horrors
  A komodo dragon (D:11)
  2 trolls
  Prince Ribbit (D:8)
  A hornet (D:8)
  6 wyverns
  Sigmund (D:3)
  A shadow (D:10)
  A basilisk (D:10)
  A wraith (D:9)
  Grum (D:9)
  10 yaks
  5 water moccasins
  An acid dragon (D:11)
  A black bear (D:6)
  2 ice beasts (D:6)
  5 orc warriors
  5 sky beasts
  3 centaurs
  2 wolves (D:9)
  6 kobold brigands
  6 bullfrogs
  3 scorpions
  6 wights
  A lindwurm simulacrum (IceCv)
  9 killer bees (D:7)
  4 komodo dragon simulacra (IceCv)
  A jelly (D:6)
  5 orc priests
  4 gnoll boudas
  4 hounds (D:5)
  Ijyb (D:3)
  2 iguanas
  6 orc wizards
  A sleepcap (D:8)
  Natasha (D:3)
  8 acid dragon simulacra (IceCv)
  15 adders
  16 gnolls
  3 river rats
  2 white imps (D:8)
  An ufetubus (D:6)
  6 steam dragon simulacra (IceCv)
  2 worms
  5 dart slugs
  35 orcs
  5 endoplasms
  A giant cockroach (D:3)
  5 goblins
  5 hobgoblins
  3 jackals (D:1)
  34 kobolds
  3 quokkas
  10 ball pythons
  4 bats
  2 frilled lizards
  27 rats
321 creatures vanquished.

Vanquished Creatures (collateral kills)
  A komodo dragon (D:12)
  2 trolls (D:12)
  An orc warrior (D:12)
  A centaur (D:12)
  A komodo dragon simulacrum (IceCv)
  An orc wizard (D:10)
  A steam dragon simulacrum (IceCv)
  An orc (D:12)
9 creatures vanquished.

Vanquished Creatures (others)
  A troll (D:12)
  A vampire (D:11)
  A water moccasin (D:10)
  9 plants (D:10)
12 creatures vanquished.

Grand Total: 342 creatures vanquished

Notes
Turn   | Place    | Note
-------+----------+-------------------------------------------
     0 | D:1      | Lavandula the Human Gladiator began the quest for the Orb.
     0 | D:1      | Reached XP level 1. HP: 16/16 MP: 1/1
   146 | D:1      | Reached XP level 2. HP: 17/22 MP: 2/2
   573 | D:2      | Reached skill level 4 in Staves
   573 | D:2      | Reached XP level 3. HP: 27/27 MP: 3/3
   858 | D:2      | Reached skill level 1 in Ranged Weapons
   956 | D:3      | Reached XP level 4. HP: 33/33 MP: 4/4
   963 | D:3      | Noticed Ijyb
   983 | D:3      | Killed Ijyb
  1068 | D:3      | Noticed Sigmund
  1078 | D:3      | Killed Sigmund
  1079 | D:3      | Reached XP level 5. HP: 17/38 MP: 5/5
  1079 | D:3      | Reached XP level 6. HP: 20/44 MP: 6/6
  1094 | D:3      | Reached skill level 5 in Ranged Weapons
  1447 | D:3      | Found a glowing drain.
  1451 | Sewer    | Entered a sewer
  1515 | Sewer    | Reached XP level 7. HP: 31/50 MP: 1/7
  1773 | Sewer    | Reached skill level 5 in Staves
  2316 | D:3      | Found a glowing golden altar of the Shining One.
  2316 | D:3      | Found a burning altar of Makhleb.
  2365 | D:3      | Noticed Natasha
  2374 | D:3      | Killed Natasha
  2778 | D:4      | Noticed Dowan
  2792 | D:5      | Entered Level 5 of the Dungeon
  2999 | D:5      | Reached skill level 6 in Staves
  3024 | D:5      | Found a staircase to the Ecumenical Temple.
  3056 | Temple   | Entered the Ecumenical Temple
  3064 | Temple   | Became a worshipper of Gozag Ym Sagoz the Greedy
  3265 | D:5      | Reached XP level 8. HP: 53/56 MP: 6/8
  3555 | D:6      | Reached skill level 7 in Staves
  3648 | D:6      | Reached skill level 8 in Staves
  4073 | D:6      | Noticed Pikel
  4183 | D:6      | Reached skill level 9 in Staves
  4311 | D:7      | Reached XP level 9. HP: 46/61 MP: 6/9
  4509 | D:7      | Reached skill level 10 in Staves
  4536 | D:7      | Found an iron altar of Okawaru.
  4806 | D:7      | Reached skill level 11 in Staves
  5351 | D:7      | Reached skill level 1 in Evocations
  5773 | D:8      | Reached XP level 10. HP: 60/68 MP: 6/10
  5822 | D:8      | Noticed Prince Ribbit
  5845 | D:8      | Killed Prince Ribbit
  6058 | D:8      | Reached skill level 12 in Staves
  6109 | D:8      | Noticed a two-headed ogre
  6127 | D:8      | Killed a two-headed ogre
  6277 | D:8      | Found a snail-covered altar of Cheibriados.
  6312 | D:8      | Found Ozoz's Changing Room.
  6324 | D:8      | Bought a potion of lignification for 45 gold pieces
  6324 | D:8      | Bought a potion of mutation for 120 gold pieces
  6354 | D:8      | Found Adir's Weapon Emporium.
  6415 | D:8      | Found Gyaduwol's Assorted Antiques.
  6712 | D:8      | Bought a lumpy ruby potion for 26 gold pieces
  6712 | D:8      | Bought a scroll labelled TOTACSEPHU for 29 gold pieces
  6778 | D:8      | Noticed Gastronok
  7065 | D:9      | Found Vueprog's Armour Shop.
  7227 | D:9      | Noticed Grum
  7242 | D:9      | Killed Grum
  7523 | D:9      | Reached skill level 13 in Staves
  7571 | D:9      | Found Pouhas's Weapon Emporium.
  7603 | D:9      | Reached skill level 5 in Fighting
  7616 | D:9      | Reached XP level 11. HP: 62/80 MP: 7/11
  7849 | D:8      | Bought a pair of glowing gloves for 240 gold pieces
  7882 | D:8      | Killed Gastronok
  8139 | D:8      | Paralysed by a hornet for 2 turns
  8323 | D:8      | Found Gavvire's Assorted Antiques.
  8330 | D:8      | Bought a black potion for 30 gold pieces
  8330 | D:8      | Bought a coppery potion for 30 gold pieces
  8330 | D:8      | Bought a scroll labelled RUEMIV HUMIUNOH for 34 gold pieces
  8330 | D:8      | Bought a scroll labelled AGURUE VUUNLU for 34 gold pieces
  8415 | D:8      | Found Ohist's General Store.
  8423 | D:8      | Bought a potion of magic for 104 gold pieces
  8423 | D:8      | Bought a scroll of poison for 52 gold pieces
  8683 | D:9      | Found a staircase to the Orcish Mines.
  8710 | D:9      | Reached skill level 14 in Staves
  8710 | D:9      | Reached skill level 5 in Evocations
  8736 | D:9      | Found Munwiq's Armour Emporium.
  9106 | D:10     | Entered Level 10 of the Dungeon
  9532 | D:10     | Found a staircase to the Lair.
  9584 | D:10     | Reached skill level 1 in Armour
  9789 | D:10     | Noticed a two-headed ogre
  9806 | D:10     | Killed a two-headed ogre
 10458 | D:11     | Noticed a two-headed ogre
 10468 | D:11     | Killed a two-headed ogre
 10469 | D:11     | Reached XP level 12. HP: 71/91 MP: 7/12
 10797 | D:11     | Reached skill level 5 in Armour
 11327 | D:11     | Noticed a two-headed ogre
 11345 | D:11     | Killed a two-headed ogre
 11869 | D:12     | Found a frozen archway.
 11890 | D:12     | Noticed a centaur warrior
 11922 | D:12     | Noticed a two-headed ogre
 12143 | D:12     | Killed a two-headed ogre
 12183 | IceCv    | Entered an ice cave
 12889 | IceCv    | Noticed an ice dragon
 12946 | IceCv    | Killed from afar by an ice dragon

Illustrated notes

Levels and vault maps discovered:
D:1:      amcnicky_arrival_flooded_fountain, layout_rooms
D:2:      layout_rooms, basic_altar, minmay_split_cup_small
D:3:      layout_loops_cross, gammafunk_temple_overflow_wave,
          gup_sewer_entry_spiral, item_on_display_a, uniq_sigmund, uniq_ijyb,
          uniq_natasha
D:4:      layout_gridville, grunt_decor_one_mirror, uniq_duvessa
D:5:      layout_basic, minmay_temple_entry_nine_rooms, st_stairs_13,
          chequers_serial_rivers_marsh
D:6:      layout_cave_pools, st_stairs_9, uniq_pikel
D:7:      layout_loops_ring, amcnicky_altar_gilded,
          chequers_serial_rivers_large_a
D:8:      minmay_general_purpose_star, layout_loops_ring,
          kennysheep_slug_shrine, serial_shops, nicolae_diamond_shop,
          nicolae_shop_crystal, nicolae_shop_tiny_waterfront, shop,
          nicolae_transmutations_shop, uniq_gastronok, uniq_prince_ribbit1
D:9:      layout_loops_ring, orc_david_3, serial_shops, shop, uniq_grum
D:10:     layout_cave_pods, minmay_lair_entry_grove
D:11:     layout_roguey, serial_glass, glass_columns_b, glass_columns_a,
          minmay_strange_pillars
D:12:     layout_long_grid, portal_ice_cave_rime, uniq_nessos
Temple:   dpeg_three_leaves_temple
IceCv:    ice_cave_small_dragons

Skill      XL: |  1  2  3  4  5  6  7  8  9 10 11 12 |
---------------+-------------------------------------+-----
Staves         | 4 6 9 11 13 14 | 14.0
Ranged Weapons | 1 4 5 |  5.8
Evocations     | 1 3 5 |  5.7
Fighting       | 5 7 |  7.5
Armour         | 4 9 |  9.8
Throwing       | |  2.0
Dodging        | |  3.9

Action                     |  1- 3 |  4- 6 |  7- 9 | 10-12 || total
---------------------------+-------+-------+-------+-------++-------
  Melee: Quarterstaff      |    91 |   101 |   400 |   688 ||  1280
   Fire: Sling             |       |       |    21 |     7 ||    28
  Throw: Dart              |       |       |       |    20 ||    20
         Javelin           |       |       |       |     1 ||     1
 Invoke: Call Merchant     |       |       |       |     1 ||     1
  Evoke: Wand              |       |       |     2 |    24 ||    26
         Lightning rod     |       |       |       |     3 ||     3
    Use: Scroll            |     6 |     3 |     1 |     5 ||    15
         Potion            |       |     3 |     2 |     6 ||    11
   Stab: Sleeping          |       |       |     3 |       ||     3
         Invisible         |       |       |     5 |       ||     5
         Distracted        |       |       |     2 |     5 ||     7
 Armour: Ring mail         |    42 |    11 |       |       ||    53
         Chain mail        |     2 |       |       |       ||     2
         Robe              |       |    19 |    72 |       ||    91
         Leather armour    |       |       |    51 |   161 ||   212
         Skin              |       |       |       |     1 ||     1
  Dodge: Dodged            |    49 |    59 |   217 |   275 ||   600

Table legend: (Time is in decaauts)
 A = Elapsed time spent in this place.
 B = Non-inter-level travel time spent in this place.
 C = Inter-level travel time spent in this place.
 D = Time resting spent in this place.
 E = Time spent auto-exploring this place.
 F = Levels seen in this place.
 G = Mean time per level.
                   A        B        C        D        E       F      G
               +--------+--------+--------+--------+--------+-----+--------+
         Total |  12716 |  12255 |    461 |   1967 |   7134 |  15 |  847.7 |
       Dungeon |  11300 |  10846 |    454 |   1518 |   6887 |  12 |  941.7 |
        Temple |     16 |      9 |      7 |      0 |      0 |   1 |   16.0 |
         Sewer |    682 |    682 |      0 |    114 |    185 |   1 |  682.0 |
      Ice Cave |    716 |    716 |      0 |    335 |     62 |   1 |  716.0 |
               +--------+--------+--------+--------+--------+-----+--------+

Top non-repeatable levels by time:
     D:8: 1911 daAuts
    D:11: 1475 daAuts
     D:7: 1418 daAuts
     D:9: 1352 daAuts
    D:10: 1298 daAuts
     D:3: 1001 daAuts
     D:5: 754 daAuts
     D:6: 731 daAuts
   IceCv: 716 daAuts
   Sewer: 682 daAuts
     D:1: 575 daAuts
     D:2: 351 daAuts
     D:4: 246 daAuts
    D:12: 184 daAuts
  Temple: 16 daAuts
